 Dungeon Crawl Stone Soup version 0.31-a0-37-g98a128e1d9 (webtiles) character file.

Game seed: 11869532882362180418

32 Mickster the Chopper (level 3, -2/33 HPs)
             Began as a Hill Orc Berserker on May 14, 2023.
             Was a Follower of Trog.
             Slain by a gnoll
             ... wielding a +0 spear
              (7 damage)
             ... on level 2 of the Dungeon.
             The game lasted 00:05:33 (875 turns).

Mickster the Chopper (Hill Orc Berserker)            Turns: 875, Time: 00:05:34

Health: -2/33      AC:  2    Str: 24    XL:     3   Next: 25%
Magic:  3/3        EV: 11    Int: 10    God:    Trog [*.....]
Gold:   53         SH:  0    Dex:  8    Spells: 2/2 levels left

rFire   . . .        a - +1 hand axe
rCold   . . .        (no shield)
rNeg    . . .        b - +0 animal skin
rPois   +            (no helmet)
rElec   .            (no cloak)
rCorr   .            (no gloves)
SInv    .            (no boots)
Will    .....        g - amulet of the acrobat
Stlth   +            (no ring)
HPRegen 0.25/turn    (no ring)
MPRegen 0.08/turn

%: acrobat
@: no status effects
A: clever 1, poison resistance, strong 1
a: Renounce Religion, Berserk


You were on level 2 of the Dungeon.
You worshipped Trog.
Trog was aware of your devotion.
You visited 1 branch of the dungeon, and saw 2 of its levels.

You collected 53 gold pieces.

Inventory:

Hand Weapons
 a - a +1 hand axe (weapon)
 d - a +0 flail
Armour
 b - a +0 animal skin (worn)
Jewellery
 g - an amulet of the acrobat (around neck)
Potions
 c - a potion of curing


   Skills:
 + Level 3.9 Fighting
 * Level 5.1 Axes
 + Level 2.3 Armour
 + Level 1.8 Dodging


You had 2 spell levels left.
You didn't know any spells.
Your spell library was empty.

Dungeon Overview and Level Annotations

Branches:
Dungeon (2/15)

Altars:


Innate Abilities, Weirdness & Mutations

Your mind is acute. (Int +4, Str/Dex -1)
Your system is resistant to poisons. (rPois)
Your muscles are strong. (Str +4, Int/Dex -1)


Message History

You kill the endoplasm!
Trog accepts your kill.
You see here a +0 spear.
Found a flail.
Found 9 gold pieces.
A bat comes into view.
Found a stone staircase leading down.
You hit the bat.
You kill the bat!
Trog accepts your kill.
A kobold comes into view. It is wielding a +0 whip of pain.
The kobold shouts!
You see here a bat corpse.
A gnoll comes into view. It is wielding a +0 spear.
You see here a +0 flail.
d - a +0 flail The kobold misses you.
The kobold barely misses you.
You miss the kobold.
The kobold hits you with a +0 whip of pain.
You hit the kobold.
The kobold is severely wounded.
The kobold closely misses you.
The gnoll hits you from afar with a +0 spear.
You closely miss the kobold.
The kobold is severely wounded.
The gnoll hits you from afar with a +0 spear!
The kobold hits you with a +0 whip of pain.
You slash the kobold!
You kill the kobold!
Trog accepts your kill.
The gnoll hits you from afar with a +0 spear!
* * * LOW HITPOINT WARNING * * *
The gnoll completely misses you.
Things that are here:
a +0 whip of pain; 4 stones You hit the gnoll.
The gnoll is heavily wounded.
The gnoll hits you with a +0 spear!
You die...

...##.......
..#........
##.........#
#..#.$.....###
#.##..........
#..........#
###.##......##
#...#........#
#....†..@....#
###..###..g....#
#######...###.......##
#...).....# #..#......
.<###..##.#
#....#..#...
.###..###.#
.....##>###.
.##.......##...#.# ..
..............##.# #.#
†#..#......


You could see a gnoll.

Vanquished Creatures
  An adder (D:2)
  A dart slug (D:1)
  A ball python (D:1)
  3 bats
  4 endoplasms
  2 goblins (D:1)
  A hobgoblin (D:2)
  A frilled lizard (D:1)
  3 kobolds
  2 rats (D:1)
19 creatures vanquished.

Notes
Turn   | Place    | Note
-------+----------+-------------------------------------------
     0 | D:1      | Mickster the Hill Orc Berserker began the quest for the
                  | Orb.
     0 | D:1      | Reached XP level 1. HP: 19/19 MP: 1/1
   271 | D:1      | Reached XP level 2. HP: 22/27 MP: 2/2
   345 | D:1      | Gained mutation: Your mind is acute. (Int +4, Str/Dex -1)
                  | [potion of mutation]
   345 | D:1      | Gained mutation: Your system is resistant to poisons.
                  | (rPois) [potion of mutation]
   345 | D:1      | Gained mutation: Your muscles are strong. (Str +4, Int/Dex
                  | -1) [potion of mutation]
   730 | D:2      | Reached skill level 5 in Axes
   730 | D:2      | Reached XP level 3. HP: 23/33 MP: 3/3
   875 | D:2      | Slain by a gnoll

Illustrated notes

Levels and vault maps discovered:
D:1:      grunt_arrival_lava_bath, layout_basic, hangedman_glass_teeth
D:2:      layout_rooms, minmay_tripent

Skill      XL: |  1  2 |
---------------+-------+-----
Axes           | 5 |  5.1
Fighting       | |  3.9
Armour         | |  2.3
Dodging        | |  1.8

Action                     || total
---------------------------++-------
  Melee: Hand axe          ||    58
    Use: Potion            ||     3
         Scroll            ||     1
 Armour: Animal skin       ||     2
  Dodge: Dodged            ||    53

Table legend: (Time is in decaauts)
 A = Elapsed time spent in this place.
 B = Non-inter-level travel time spent in this place.
 C = Inter-level travel time spent in this place.
 D = Time resting spent in this place.
 E = Time spent auto-exploring this place.
 F = Levels seen in this place.
 G = Mean time per level.
                   A        B        C        D        E       F      G
               +--------+--------+--------+--------+--------+-----+--------+
         Total |    879 |    751 |    128 |    102 |      0 |   2 |  439.5 |
       Dungeon |    879 |    751 |    128 |    102 |      0 |   2 |  439.5 |
               +--------+--------+--------+--------+--------+-----+--------+

Top non-repeatable levels by time:
     D:1: 718 daAuts
     D:2: 161 daAuts
